 Dungeon Crawl Stone Soup version 0.27.1-3-gb3d3a73c9e (webtiles) character file.

Game seed: 2133616234094844738

14791 bnorton916 the Thaumaturge (level 11, -14/61 HPs)
             Began as a Deep Elf Conjurer on Oct 17, 2021.
             Was an Elder of Sif Muna.
             Demolished by Rupert (17 damage)
             ... on level 2 of the Lair of Beasts.
             The game lasted 00:30:24 (23340 turns).

bnorton916 the Thaumaturge (Deep Elf Conjurer)     Turns: 23340, Time: 00:30:25

Health: -14/61     AC: 14    Str:  5    XL:     11   Next: 93%
Magic:  7/26       EV: 16    Int: 32    God:    Sif Muna [****..]
Gold:   582        SH:  0    Dex: 13    Spells: 6/29 levels left

rFire    . . .     SeeInvis +   F - +3 short sword
rCold    . . .     Faith    .   (no shield)
rNeg     . . .     Spirit   .   I - +5 robe of Night {Dark Will+ SInv}
rPois    .         Reflect  .   x - +0 helmet
rElec    .         Harm     .   u - +2 cloak
rCorr    .         Rampage  .   E - +0 pair of gloves
Will     ++...                  y - +0 pair of boots
Stlth    ++........             (no amulet)
HPRegen  0.20/turn              J - +6 ring of intelligence
MPRegen  0.20/turn              i - +4 ring of slaying

@: about to teleport
A: no striking features
a: Renounce Religion, Channel Magic, Forget Spell, Divine Exegesis


You were on level 2 of the Lair of Beasts.
You worshipped Sif Muna.
Sif Muna was greatly pleased with you.
You visited 3 branches of the dungeon, and saw 14 of its levels.
You also visited: Volcano.

You collected 582 gold pieces.

Inventory:

Hand Weapons
 s - a +2 short sword of holy wrath
 z - a +3 long sword
 F - a +3 short sword (weapon)
Armour
 g - a scarf of shadows
 q - a +2 robe of willpower
 u - a +2 cloak (worn)
 x - a +0 helmet (worn)
 y - a +0 pair of boots (worn)
 E - a +0 pair of gloves (worn)
 I - the +5 robe of Night (worn) {Dark Will+ SInv}
   (You found it on level 9 of the Dungeon)

   It shrouds the wearer in darkness, reducing the range at which they can see
   and be seen by others.
   SInv:      It lets you see invisible.
   Will:      It increases your willpower.
 L - the +2 robe of Vines {NoPotionHeal Regen+++}
   (You found it on level 1 of the Lair of Beasts)

   Its wearer cannot be healed by potions.
   Regen:     It increases your rate of health regeneration.
Jewellery
 i - a +4 ring of slaying (right hand)
 t - a ring of resist corrosion
 G - a +6 ring of strength
 J - a +6 ring of intelligence (left hand)
Wands
 v - a wand of paralysis (9)
 A - a wand of mindburst (12)
 B - a wand of flame (17)
 C - a wand of iceblast (22)
Scrolls
 d - a scroll of summoning
 e - 3 scrolls of enchant weapon
 n - 2 scrolls of fog
 o - a scroll of teleportation
 p - a scroll of noise
 r - a scroll of vulnerability
 K - a scroll of fear
Potions
 a - 7 potions of ambrosia
 b - 3 potions of flight
 c - a potion of resistance
 f - 4 potions of brilliance
 h - a potion of heal wounds
 j - 6 potions of lignification
 k - a potion of mutation
 l - 4 potions of might
 m - a potion of berserk rage
 w - a potion of magic
 D - a potion of attraction
 H - a potion of degeneration {unknown}
 M - a potion of curing


   Skills:
 - Level 4.0 Fighting
 - Level 4.0 Armour
 - Level 9.1 Dodging
 - Level 3.3 Stealth
 + Level 9.8 Spellcasting
 + Level 9.5 Conjurations
 - Level 9.0 Hexes
 + Level 5.3 Summonings
 - Level 7.5 Translocations
 - Level 3.0 Air Magic
 + Level 6.1 Invocations


You had 6 spell levels left.
You knew the following spells:

 Your Spells              Type           Power      Damage    Failure   Level
a - Magic Dart            Conj           100%       1d8       1%          1
b - Searing Ray           Conj           100%       3d7       1%          2
c - Fulminant Prism       Conj/Hex       33%        3d16      1%          4
d - Iskenderun's Mystic   Conj/Tloc      63%        2d13      1%          4
e - Tukima's Dance        Hex            65%        N/A       1%          3
f - Cause Fear            Hex            32%        N/A       1%          4
g - Shock                 Conj/Air       100%       1d9       1%          1
h - Summon Lightning Spi  Summ/Air       42%        N/A       5%          4

Your spell library contained the following spells:

 Spells                   Type           Power      Damage    Failure   Level
 Corona                   Hex            72%        N/A       1%          1
 Foxfire                  Conj/Fire      100%       2x1d9     1%          1
 Ensorcelled Hibernation  Hex/Ice        88%        N/A       1%          2
 Conjure Flame            Conj/Fire      46%        6-21      1%          3
 Dazzling Flash           Conj/Hex       100%       N/A       1%          3
 Gell's Gravitas          Tloc           29%        N/A       1%          3
 Inner Flame              Hex/Fire       44%        N/A       1%          3
 Lesser Beckoning         Tloc           29%        N/A       1%          3
 Teleport Other           Tloc           59%        N/A       1%          3
 Swiftness                Air            35%        N/A       2%          3
 Airstrike                Air            17%        N/A       9%          4
 Animate Dead             Necr           7%         N/A       30%         4
 Borgnjor's Vile Clutch   Necr/Erth      7%         N/A       65%         5
 Death Channel            Necr           7%         N/A       99%         6
 Discord                  Hex            32%        N/A       99%         8
 Storm Form               Tmut/Air       12%        N/A       100%        7
 Maxwell's Capacitive Co  Air            17%        ∞         100%        8


Dungeon Overview and Level Annotations

Branches:
Dungeon (10/15)            Temple (1/1) D:5            Lair (3/6) D:9
 Shoals (0/4) Lair:2          Orc (0/2) D:9         Volcano (visited)
  Snake: Lair:2-4    Spider: Lair:2-4

Altars:
Ashenzari
Cheibriados
Dithmenos
Elyvilon
Fedhas
Gozag
Hepliaklqana
Kikubaaqudgha
Makhleb
Nemelex Xobeh
Okawaru
Qazlal
Ru
Sif Muna
Trog
Uskayaw
Vehumet
Wu Jian
Xom
Yredelemnul
Zin
The Shining One
Beogh

Shops:
D:2 (

Annotations:
Lair:2 Rupert
Lair:3 1 transporter, exclusion: oklob plant


Message History

The mystic blast hits Rupert but does no damage.
Rupert is moderately wounded.
The mystic blast hits the komodo dragon!
The komodo dragon is moderately wounded.
The komodo dragon bites you but does no damage.
Unknown command.
Unknown command.
Unknown command.
Rupert barely misses you. x2
A nearby plant withers and dies.
Rupert rages.
There is a stone staircase leading up here.
Casting: Iskenderun's Mystic Blast (dangerous; 1% risk of failure)
Confirm with . or Enter, or press ? or * to list all spells.
You erupt in a blast of force!
The mystic blast hits the +4 triple sword of holy wrath but does no damage.
The +4 triple sword of holy wrath is moderately damaged.
The mystic blast hits Rupert!
Rupert is moderately wounded.
Rupert is knocked back by the mystic blast.
The mystic blast hits the komodo dragon!
The komodo dragon is heavily wounded.
The komodo dragon closely misses you.
Unknown command.
Unknown command.
Unknown command.
Unknown command.
Rupert hits you but does no damage. The komodo dragon bites you!
Rupert hits you but does no damage.
You climb upwards.
There is a stone staircase leading down here.
As you read the scroll of teleportation, it crumbles to dust.
You feel strangely unstable. Rupert hits you!!
* * * LOW HITPOINT WARNING * * *
The komodo dragon closely misses you.
Rupert rages.
The komodo dragon bites you!
* * * LOW HITPOINT WARNING * * *
Rupert hits you!
You die...

###### #### ..P..###
#..### .PP..#P#
##...## .P♣P...#
###♣♣.♣@P#
♣♣♣♣...###...♣.♣@l##
P..P.........♣.♣...#
PPP.#P###.........P#
.###### #.........##
## ##.........#
##........##
#.........#
#.........#


You could see Rupert (berserk) and a komodo dragon.

Vanquished Creatures
  A hydra (Lair:1)
  Erica (D:8)
  A deep elf pyromancer (D:7)
  An oklob plant (Lair:1)
  A manticore (Lair:2)
  3 cane toads
  A rime drake (Lair:2)
  3 komodo dragons (Lair:1)
  A queen bee (Lair:2)
  A troll (D:5)
  A wind drake (Lair:2)
  4 dream sheep (D:9)
  2 shadows (D:9)
  A vampire (D:9)
  12 yaks
  A fire bat (Volcano)
  A basilisk (Lair:1)
  An acid dragon (D:9)
  6 water moccasins
  Duvessa (D:5)
  7 orc warriors
  2 ice beasts
  A sky beast (D:5)
  5 necrophages
  3 black bears
  2 ogres
  4 centaurs
  A phantom (D:4)
  A kobold brigand (D:9)
  5 bullfrogs
  6 scorpions
  A water moccasin zombie (D:5)
  Dowan (D:5)
  25 killer bees (Lair:2)
  8 wights
  A howler monkey (D:10)
  3 bullfrog zombies
  3 centaur zombies
  Crazy Yiuf (D:5)
  A gnoll shaman (D:9)
  5 hounds
  A human zombie (D:6)
  A jelly (D:5)
  3 orc priests
  An iron imp (D:7)
  2 iguanas
  11 orc wizards
  2 killer bee zombies (D:6)
  2 hound skeletons (D:4)
  A mummy (D:6)
  8 gnolls
  10 adders
  2 howler monkey skeletons
  A shadow imp (D:8)
  An ufetubus (D:6)
  An adder skeleton (D:4)
  2 worms
  3 dart slugs
  31 orcs
  4 ball pythons
  5 endoplasms
  2 giant cockroaches
  4 goblins
  2 hobgoblins
  10 jackals
  9 kobolds
  A quokka (D:3)
  6 bats
  A frilled lizard (D:2)
  2 goblin zombies (D:7)
  A hobgoblin zombie (D:7)
  A kobold skeleton (D:7)
  2 kobold zombies (D:7)
  2 orc skeletons (D:7)
  6 rats
271 creatures vanquished.

Vanquished Creatures (others)
  A bush (Lair:2)
  50 fulminant prisms
  20 fungi
  87 plants
158 creatures vanquished.

Grand Total: 429 creatures vanquished

Notes
Turn   | Place    | Note
-------+----------+-------------------------------------------
     0 | D:1      | bnorton916 the Deep Elf Conjurer began the quest for the
                  | Orb.
     0 | D:1      | Reached XP level 1. HP: 10/10 MP: 6/6
   325 | D:1      | Reached XP level 2. HP: 15/15 MP: 1/8
   783 | D:1      | Found a faded altar of an unknown god.
  1097 | D:2      | Reached skill level 5 in Conjurations
  1216 | D:2      | Reached XP level 3. HP: 18/19 MP: 7/9
  1219 | D:2      | Learned a level 2 spell: Searing Ray
  1353 | D:2      | Found Soecies's Antique Weapon Boutique.
  1683 | D:2      | Reached XP level 4. HP: 24/24 MP: 7/11
  2081 | D:2      | Learned a level 4 spell: Fulminant Prism
  2974 | D:4      | Noticed a black bear
  2982 | D:4      | Killed a black bear
  2983 | D:4      | Reached XP level 5. HP: 14/28 MP: 3/14
  3059 | D:4      | Reached skill level 5 in Spellcasting
  3064 | D:4      | Learned a level 4 spell: Iskenderun's Mystic Blast
  3295 | D:4      | Reached skill level 1 in Hexes
  3451 | D:4      | Reached skill level 1 in Translocations
  3522 | D:4      | Found a blossoming altar of Fedhas.
  3522 | D:4      | Found a sacrificial altar of Ru.
  3528 | D:4      | Noticed an ogre
  3532 | D:4      | Killed an ogre
  3533 | D:4      | Reached XP level 6. HP: 32/32 MP: 9/15
  3991 | D:4      | Reached XP level 7. HP: 36/36 MP: 9/16
  4250 | D:5      | Entered Level 5 of the Dungeon
  4273 | D:5      | Reached skill level 5 in Hexes
  4498 | D:5      | Found a staircase to the Ecumenical Temple.
  4565 | Temple   | Entered the Ecumenical Temple
  4809 | Temple   | Became a worshipper of Sif Muna the Loreminder
  4977 | D:5      | Reached skill level 5 in Translocations
  5022 | D:5      | Noticed a troll
  5026 | D:5      | Killed a troll
  5027 | D:5      | Reached XP level 8. HP: 41/41 MP: 11/17
  5370 | D:5      | Found a runed translucent door.
  5371 | D:5      | Noticed Crazy Yiuf
  5378 | D:5      | Killed Crazy Yiuf
  5490 | D:5      | Found a shimmering altar of Xom.
  5603 | D:5      | Found a sparkling altar of Nemelex Xobeh.
  5612 | D:5      | Noticed Duvessa
  5615 | D:5      | Noticed Dowan
  5628 | D:5      | Killed Dowan
  5629 | D:5      | Killed Duvessa
  6204 | D:6      | Found an iron altar of Okawaru.
  6527 | D:6      | Learned a level 3 spell: Tukima's Dance
  6538 | D:6      | Reached skill level 1 in Armour
  6764 | D:6      | Reached XP level 9. HP: 45/45 MP: 8/18
  6942 | D:6      | Reached * piety under Sif Muna
  8532 | D:6      | Reached skill level 5 in Dodging
  8792 | D:6      | Found a basalt altar of Yredelemnul.
 10102 | D:7      | Found an opulent altar of Gozag.
 10748 | D:7      | Noticed a deep elf pyromancer
 10757 | D:7      | Killed a deep elf pyromancer
 11111 | D:7      | Learned a level 4 spell: Cause Fear
 11229 | D:7      | Reached XP level 10. HP: 51/51 MP: 13/19
 11328 | D:7      | Reached ** piety under Sif Muna
 11358 | D:7      | Found a glowing golden altar of the Shining One.
 11560 | D:8      | Found an ornate altar of the Wu Jian Council.
 11560 | D:8      | Found an ancient bone altar of Kikubaaqudgha.
 11578 | D:8      | Noticed Erica
 11591 | D:8      | Reached skill level 1 in Fighting
 11598 | D:7      | HP: 2/52 [poisoned by Erica (bolt of poison)]
 12560 | D:8      | Killed Erica
 12965 | D:8      | Found a snail-covered altar of Cheibriados.
 12991 | D:8      | Found a hazy altar of Hepliaklqana.
 13247 | D:8      | Found a radiant altar of Vehumet.
 13832 | D:8      | Learned a level 1 spell: Shock
 13884 | D:8      | Reached skill level 1 in Air Magic
 14165 | D:9      | Found a staircase to the Lair.
 14506 | D:9      | Identified the +1 long sword of Cemeps {freeze, +Rage}
 15098 | D:9      | Found a staircase to the Orcish Mines.
 15109 | D:9      | Reached skill level 1 in Invocations
 15374 | D:9      | Reached *** piety under Sif Muna
 16348 | D:9      | Learned a level 4 spell: Summon Lightning Spire
 16426 | D:9      | Reached skill level 1 in Summonings
 16426 | D:9      | Reached XP level 11. HP: 51/61 MP: 13/24
 17168 | D:9      | Found the +5 robe of Night {Dark Will+ SInv}
 17314 | D:10     | Entered Level 10 of the Dungeon
 17810 | Lair:1   | Entered Level 1 of the Lair of Beasts
 17974 | Lair:1   | Found a dark tunnel.
 17999 | Volcano  | Entered a volcano
 18508 | Lair:1   | Noticed a six-headed hydra
 19093 | Lair:1   | Found the +2 robe of Vines {NoPotionHeal Regen+++}
 19097 | Lair:1   | Noticed an oklob plant
 19492 | Lair:1   | Killed an oklob plant
 19500 | Lair:1   | Noticed a four-headed hydra
 19515 | Lair:1   | Killed a four-headed hydra
 20113 | Lair:1   | Reached skill level 5 in Invocations
 20493 | Lair:2   | Reached **** piety under Sif Muna
 21395 | Lair:2   | Found a staircase to the Shoals.
 21750 | Lair:2   | Reached skill level 5 in Summonings
 23319 | Lair:3   | Noticed Rupert
 23325 | Lair:3   | Found a transporter.
 23329 | Lair:3   | Noticed an oklob plant
 23340 | Lair:2   | HP: 3/61 [komodo dragon (13)]
 23340 | Lair:2   | Demolished by Rupert

Illustrated notes

Levels and vault maps discovered:
D:1:      evilmike_arrival_come_back, layout_basic,
          shapermc_ecumenical_altar_hornbeckon, corexii_corridor_pit
D:2:      layout_basic, serial_shops, nicolae_square_shop
D:3:      layout_rooms, ebering_dispersal_statue_hall
D:4:      layout_loops_ring, gammafunk_temple_overflow_wave,
          kennysheep_generic_room_16
D:5:      layout_loops_ring, nemelex_diamond_rough_becter,
          mainiacjoe_overflow_catwalk, temple_fountains,
          minmay_misc_feat_ornament, minmay_misc_feat_more_columns,
          uniq_crazy_yiuf_cottage, uniq_duvessa
D:6:      layout_cave_pods, okawaru_trees_2, lemuel_mausoleum_altar_yredelemnul
D:7:      layout_rooms, nicolae_tso_besieged_by_evil, lemuel_doored_altar,
          amethyst_killhole, guppyfry_early_elven_hall
D:8:      layout_gridville, grunt_temple_overflow_open, fiery_altar_vehumet,
          uniq_erica
D:9:      layout_irregular_city, lair_entry_dummy, david_orc_5,
          hellmonk_guarded_unrand_night
D:10:     layout_loops_corners, minivault_26, chequers_big_river,
          kennysheep_generic_room_2
Temple:   compressed_dpeg_triangle_lava_temple
Lair:1:   layout_long_grid, enter_volcano_1, hellmonk_guarded_unrand_vines
Lair:2:   layout_roguey [special_room_bee], minmay_shoals_entry_beasts,
          serial_forest, infiniplex_forest_lined_room_3,
          infiniplex_forest_lined_corner, infiniplex_forest_straight_1,
          infiniplex_forest_end_2, infiniplex_forest_straight_1,
          infiniplex_forest_lined_room_2, infiniplex_forest_end_3,
          infiniplex_forest_clump_curved, infiniplex_forest_end_3,
          infiniplex_forest_clump_small, st_stairs_3
Lair:3:   gammafunk_cloud_chamber, layout_regular_city,
          spider_nest_entry_web_field, ebering_ghost_reflecting_pool,
          uniq_rupert

Skill      XL: |  1  2  3  4  5  6  7  8  9 10 11 |
---------------+----------------------------------+-----
Conjurations   | 5 6 7 9 |  9.5
Stealth        | 3 |  3.3
Spellcasting   | 4 5 7 9 |  9.8
Hexes          | 2 4 7 9 |  9.0
Translocations | 2 3 5 7 |  7.5
Dodging        | 3 9 |  9.1
Armour         | 1 4 |  4.0
Fighting       | 4 |  4.0
Air Magic      | 3 |  3.0
Invocations    | 3 6 |  6.1
Summonings     | 1 5 |  5.3

Action                   |  1- 3 |  4- 6 |  7- 9 | 10-12 || total
-------------------------+-------+-------+-------+-------++-------
Melee: Short sword       |       |       |    19 |     6 ||    25
 Cast: Magic Dart        |    66 |    68 |   122 |   117 ||   373
       Searing Ray       |       |    12 |    44 |    60 ||   116
       Fulminant Prism   |       |       |     8 |    43 ||    51
       Iskenderun's Myst |       |       |     6 |    40 ||    46
       Tukima's Dance    |       |       |       |     2 ||     2
       Summon Lightning  |       |       |       |     1 ||     1
  Use: Scroll            |       |       |    12 |     6 ||    18
       Potion            |       |       |       |     6 ||     6
Armor: Robe              |     2 |     1 |    24 |    35 ||    62
Dodge: Dodged            |     5 |     8 |    73 |    95 ||   181
